[Event "FIDE WY-U16 Olympuad 2022"]
[Site "Nakhchivan"]
[Date "2022.10.03"]
[Round "2.13"]
[White "Samadov, Read"]
[Black "Orozbaev, Eldiar"]
[Result "1/2-1/2"]
[ECO "A41"]
[WhiteElo "2455"]
[BlackElo "2369"]
[Annotator "TA"]
[PlyCount "167"]
[EventDate "2022.10.02"]
[EventType "team-tourn"]
[EventCountry "AZE"]
[SourceTitle "playchess.com"]
[Source "ChessBase"]
[SourceQuality "1"]
[WhiteTeam "Azerbaijan"]
[BlackTeam "Kyrgyzstan"]
[WhiteTeamCountry "AZE"]
[BlackTeamCountry "KGZ"]
[TimeControl "40/5400+30:1800+30"]

1. d4 d6 2. g3 g6 3. Bg2 Bg7 4. Nf3 Nf6 5. O-O O-O 6. b3 e5 7. dxe5 Nfd7 8. Bb2 Nc6 9. c4 Ndxe5 10. Nxe5 {[%emt 0:04:23] 10.Nc3 is more advanced technology.} dxe5 11. Nc3 Bg4 12. h3 {[%emt 0:04:23] A49: 1 d4 Nf6 2 Nf3 g6 3 g3: Anti-King's Indian systems.} Be6 {[%emt 0:00:07][%cal Oe5e4] [#]} 13. Ba3 $146 ({Predecessor:} 13. Nd5 Qd7 14. Kh2 Rfd8 15. Qe1 Nd4 16. Rd1 c6 17. Nc3 Qe7 18. e3 Nf5 19. Ne4 Rxd1 20. Qxd1 Rd8 21. Qe2 Qd7 22. Bc3 b6 23. Ng5 h6 24. Nxe6 Qxe6 25. Rd1 Rd6 26. Rxd6 {½-½ (26) Aranda Flores,J (2158)-Llaneza Vega,P (2152) Barcelona 2019}) 13... Re8 14. Qxd8 {[%emt 0:02:18] White is slightly better.} Raxd8 15. Rad1 Nd4 16. e3 Nc2 17. Bb2 (17. Bc1 $14) 17... Nb4 {[%emt 0:14:22] [#]} (17... e4 $1 $11 {keeps the balance.}) 18. Nb5 $1 $16 c6 19. Nc7 (19. Nxa7 Rxd1 20. Rxd1 Nxa2 $17) 19... Rf8 20. Nxe6 fxe6 21. Be4 $36 {[%emt 0:01:51][%mdl 2048] Black is under strong pressure.} a5 22. a3 Na6 23. Bc3 Nc5 24. Bc2 {[%emt 0:00:52] This bishop pair is nice.} a4 25. b4 Nb3 26. Be4 Bf6 (26... c5 $16 27. b5 (27. Bxb7 e4 $16) 27... b6) 27. Kg2 $18 Be7 28. Rfe1 (28. Bxe5 Nd2 29. Bc7 Nxf1 30. Bxd8 Nxe3+ 31. fxe3 Rxd8 $11) 28... Kf7 29. Kf1 ({And not} 29. Bxe5 Nd2 30. Bc7 Nxe4 $11) 29... c5 30. b5 b6 31. Ke2 Bd6 32. h4 h6 33. g4 Rg8 34. g5 h5 (34... hxg5 {is a better defense.} 35. hxg5 Bc7) 35. Rh1 Ke7 36. Rh3 Rdf8 37. f4 Bc7 38. fxe5 Na5 39. Bd3 Nb7 {[%emt 0:01:51] [#]} 40. Rf3 $1 Rxf3 41. Kxf3 Nd8 42. Rf1 {[%emt 0:00:00] Strongly threatening Ke4.} Rf8+ 43. Kg2 Rxf1 44. Kxf1 {[%emt 0:00:00][%mdl 4096] Endgame KBB-KBN} Kf7 45. Bc2 Nb7 46. Ke2 ({But not} 46. Bxa4 Na5) 46... Na5 47. Kd3 ({Not} 47. Bxa4 Nxc4 48. Ba1 Bb8 $11) 47... Bd8 48. Bxa4 Bc7 49. Bd1 Bd8 50. Bf3 Bc7 51. Be2 Nb7 52. Bf3 Na5 53. Bg2 Kg7 54. Bh3 Kf7 55. Bb2 Nb7 56. Bf1 Kg7 57. Bh3 $2 ({White should try} 57. Ke4 $18) 57... Nd8 $2 (57... Kf7 $1 $11 {and Black stays safe.} 58. Bg2 Na5) 58. Bc3 Kf8 59. Ke4 {[%emt 0:01:08] Black must now prevent Kf4.} Ke7 60. Bg2 Kf8 $2 (60... Nb7 61. Kd3 Na5) 61. Kf4 Kg7 62. Be4 Kf7 63. Bd3 {[%emt 0:00:26] Be4 is the strong threat.} Kg7 64. Bc2 {[%emt 0:00:18] aiming for Be4.} Nb7 65. Kf3 Nd8 $2 (65... Na5 66. Bd3 Nb3) 66. Be4 Nf7 67. a4 Nd8 68. Ba8 Kf8 69. Kf4 Kg8 70. Ke4 Nf7 71. Bc6 Kf8 72. Kf4 Nd8 73. Be4 Kg7 74. Kf3 Nf7 75. Bc6 Kf8 $2 (75... Nd8 {might work better.} 76. Be4 Nf7) 76. Kf4 Nd8 $1 77. Be4 Kg7 78. Kf3 Nf7 79. Bd3 Nd8 80. Ke2 Nb7 {[%emt 0:00:05] White has a decisive advantage.} 81. Be4 Na5 82. Kd3 Kf7 83. Bf3 Ke7 84. Ke4 {Weighted Error Value: White=0.18 (very precise) /Black=0.33} 1/2-1/2

[Event "FIDE WY-U16 Olympuad 2022"]
[Site "Nakhchivan"]
[Date "2022.10.03"]
[Round "2.15"]
[White "Suleymanli, Suleyman"]
[Black "Iunusov, Nuriddin"]
[Result "1-0"]
[ECO "E62"]
[WhiteElo "2304"]
[BlackElo "1940"]
[Annotator "TA"]
[PlyCount "63"]
[EventDate "2022.10.02"]
[EventType "team-tourn"]
[EventCountry "AZE"]
[SourceTitle "playchess.com"]
[Source "ChessBase"]
[SourceQuality "1"]
[WhiteTeam "Azerbaijan"]
[BlackTeam "Kyrgyzstan"]
[WhiteTeamCountry "AZE"]
[BlackTeamCountry "KGZ"]
[TimeControl "40/5400+30:1800+30"]

1. Nf3 Nf6 2. g3 g6 3. Bg2 Bg7 4. O-O O-O 5. d4 d6 6. c4 Nc6 7. Nc3 e5 8. dxe5 Nxe5 9. Nxe5 dxe5 10. Bg5 Qxd1 11. Rfxd1 $1 {[%emt 0:00:09] The main line 11.Rfxd1 scores better than 11.Raxd1.} c6 {[%emt 0:05:58] Against Nb5. E62: King's Indian: Fianchetto: 6...c6 and Panno Variation (6...Nc6) without ...a6.} 12. h3 h6 13. Be3 Re8 {[%emt 0:01:15] The position is equal.} 14. b3 (14. b4 $5 ) 14... Bf8 15. Na4 {[%emt 0:04:51] [#]} Nd7 $146 ({Predecessor:} 15... Nh7 16. Bc5 Ng5 17. Bxf8 Kxf8 18. Nc5 Ke7 19. b4 Rb8 20. Kh2 Ne6 21. Nd3 f6 {½-½ (30) Kopec,D (2405)-Gullaksen,E (2325) London 1997}) 16. Rd2 Bg7 (16... Bb4 $5 ) 17. Rad1 Nf8 18. Rd8 Rxd8 19. Rxd8 f5 $1 20. Rd6 {[%emt 0:11:14] Against Bf6} Ne6 21. Nc5 $36 {[%emt 0:05:50][%mdl 2048] White is pushing.} Kf7 {[%emt 0:01:35] Loses the game.} (21... Nf8 $14) 22. Nxb7 $1 $18 Ke7 {[%emt 0:09:59] [#]} (22... e4 $142) 23. Rxc6 $1 Bxb7 {[%emt 0:00:13] [#]} 24. Rxe6+ $1 {[%emt 0:00:04][%mdl 576] Discovered Attack} Kxe6 25. Bxb7 {[%emt 0:00:06][%mdl 4096] Endgame KRB-KB} Rd8 26. Bd5+ Kd6 27. Bxa7 {[%emt 0:00:06] Threatens to win with a4. A strong pair of Bishops.} e4 (27... Bf8 $142 28. a4 Kc7) 28. b4 {[%emt 0:00:31][%cal Bb3b4,Bb4b5][%mdl 32] And now a4 would win.} Bc3 29. Bc5+ Ke5 30. b5 Bd4 31. Bb4 Rd7 32. a4 {[%emt 0:00:18] Weighted Error Value: White=0.13 (very precise) /Black=0.38} 1-0

[Event "FIDE WY-U16 Olympuad 2022"]
[Site "Nakhchivan"]
[Date "2022.10.03"]
[Round "2.18"]
[White "Celik, Hasan Huseyin"]
[Black "Tenuunbold, Battulga"]
[Result "1-0"]
[ECO "D45"]
[WhiteElo "2323"]
[BlackElo "2178"]
[Annotator "TA"]
[PlyCount "103"]
[EventDate "2022.10.02"]
[EventType "team-tourn"]
[EventCountry "AZE"]
[SourceTitle "playchess.com"]
[Source "ChessBase"]
[SourceQuality "1"]
[WhiteTeam "Turkey"]
[BlackTeam "Mongolia"]
[WhiteTeamCountry "TUR"]
[BlackTeamCountry "MGL"]
[TimeControl "40/5400+30:1800+30"]

1. d4 d5 2. c4 c6 3. Nf3 Nf6 4. Nc3 e6 5. e3 Nbd7 6. Qc2 Bd6 7. Bd3 dxc4 8. Bxc4 b5 9. Be2 O-O 10. O-O a6 11. Rd1 Qc7 12. b3 {[%emt 0:06:52] [#] D46: Semi-Slav: 5 e3 Nbd7 6 Bd3, Black avoids the Meran.} c5 $146 ({Predecessor:} 12... Bb7 13. Ne4 Nxe4 14. Qxe4 Be7 15. Bd3 g6 16. Bb2 c5 17. Qg4 Bf6 18. Rac1 Rac8 19. Bb1 Qb8 {0-1 (36) Mikhalchishin,A (2529)-Dreev,A (2657) Sibenik 2008}) 13. dxc5 Nxc5 {[%emt 0:00:19] [#]} (13... Qxc5 $11 14. Qd3 Be7) 14. Bxb5 $1 $14 {[%emt 0:10:18][%cal Oh2h3] White is slightly better.} Bb7 ({Don't take} 14... axb5 15. Nxb5 Bxh2+ 16. Nxh2 $16) 15. Bc4 Bxf3 16. gxf3 Bxh2+ 17. Kg2 Be5 18. Bb2 Rfd8 19. Qe2 Qe7 20. f4 $1 Bd6 {[%emt 0:04:46] [#]} (20... Bxc3 $142 21. Bxc3 Nce4) 21. Qf3 $1 $16 Rac8 22. Ne2 Bb8 (22... g6 $142) 23. Rxd8+ Rxd8 24. Nd4 {[%emt 0:00:05] Nc6 is the strong threat.} Qe8 25. Qc6 e5 (25... Nfd7 $16) 26. Qxe8+ $18 Rxe8 27. Nc6 exf4 28. Nxb8 {[%emt 0:00:09] White is more active.} Rxb8 29. exf4 Rd8 30. Bc3 Nd5 31. Ba5 Rd7 {[%emt 0:00:11] [#]} 32. Kf3 Nf6 33. Re1 h5 34. Re5 Nd3 35. Re3 ({Avoid the trap} 35. Bxa6 $2 Nxe5+ 36. fxe5 Ra7 $19) 35... Nc5 36. Bb6 {[%emt 0:08:11] A strong pair of Bishops.} Ne6 37. f5 ({Don't go for} 37. Bxa6 $2 Rd6 38. Bc4 Rxb6 $19) 37... Nd4+ 38. Bxd4 Rxd4 39. Bxa6 $16 {[%emt 0:00:09][%mdl 4096] Endgame KRB-KRN} (39. a4 $16) 39... h4 $2 {[%emt 0:00:17] This move loses the game for Black.} (39... Rd5 $1 $14) 40. Bc4 Nd5 (40... h3 {keeps fighting.} 41. a4 Rh4) 41. Bxd5 $18 Rxd5 {[%emt 0:30:04] KR-KR} 42. Re2 Rxf5+ 43. Kg4 Rd5 44. Kxh4 Kf8 45. Kg4 g6 46. Kf4 f5 $2 (46... Rf5+ 47. Ke4 Ke7) 47. Kg5 {[%emt 0:00:14] aiming for f4. White is clearly winning.} Kf7 48. Rc2 Rd4 (48... f4+ $142 49. Kxf4 Ke6) 49. f4 Rd3 50. Rc7+ Ke6 51. Rc6+ Kf7 52. Rf6+ {[%emt 0:00:03] Weighted Error Value: White=0.11 (very precise) /Black=0.39} 1-0

[Event "FIDE WY-U16 Olympuad 2022"]
[Site "Nakhchivan"]
[Date "2022.10.03"]
[Round "2.22"]
[White "Cebotari, Stanislav"]
[Black "Kairbekova, Amina"]
[Result "0-1"]
[ECO "A06"]
[WhiteElo "2047"]
[BlackElo "2305"]
[Annotator "TA"]
[PlyCount "66"]
[EventDate "2022.10.02"]
[EventType "team-tourn"]
[EventCountry "AZE"]
[SourceTitle "playchess.com"]
[Source "ChessBase"]
[SourceQuality "1"]
[WhiteTeam "Moldova"]
[BlackTeam "Kazakhstan"]
[WhiteTeamCountry "MDA"]
[BlackTeamCountry "KAZ"]
[TimeControl "40/5400+30:1800+30"]

1. Nf3 d5 2. g3 Nd7 3. Bg2 e5 4. d3 Ngf6 5. O-O Bd6 6. c4 {[%emt 0:00:36] A07: Réti Opening: New York and Capablanca Systems.} c6 7. Nc3 h6 8. cxd5 {[%emt 0:03:09] The position is equal.} cxd5 9. Nd2 Nb6 {[%emt 0:01:00] [#]} 10. a3 $146 (10. a4 $5 ) ({Predecessor:} 10. e4 Be6 11. exd5 Nfxd5 12. Nde4 O-O 13. d4 exd4 14. Nxd5 Bxd5 15. Qxd4 Be7 16. Be3 {0-1 (32) Weber,U (2346)-Sandipan,C (2543) Tegernsee 2021}) 10... O-O 11. b4 (11. a4 $11) 11... a5 12. bxa5 Rxa5 13. Nb3 Ra8 (13... Na4 $5 14. Bd2 Nxc3 15. Bxc3 Ra8 $15) 14. Bb2 {[%emt 0:01:22] [#]} (14. a4 $11 {remains equal.}) 14... Bd7 (14... d4 $1 $17 15. Ne4 Nxe4 16. Bxe4 Bh3 17. Bxb7 Na4) 15. Qd2 Qe7 16. Rfb1 Rfc8 17. Nd1 Na4 18. Bc1 ({White should try} 18. Bc3) 18... Rc7 {[%emt 0:06:06] Black has more active pieces. The white rooks are badly placed.} 19. Na5 (19. Qe1 $17) 19... Be6 $19 20. Qe1 Rac8 21. Bd2 (21. Be3 $17 {was worth a try.}) 21... b6 22. Nb3 d4 ({Inferior is} 22... Bxa3 23. f4 e4 24. Nd4 $17) 23. Bb4 Nc3 24. Nxc3 $2 (24. Rb2) 24... Bxb4 ({Avoid the trap} 24... dxc3 $2 25. Nc1 $19) 25. axb4 {[%emt 0:00:35] Threatens to win with Nb5.} dxc3 26. Nc1 Ra7 27. Rxa7 Qxa7 28. b5 Qa5 {[%emt 0:08:49] And now ...c2 would win.} 29. Bc6 $2 (29. Kf1) 29... c2 {[%emt 0:00:37][%csl LRb1,LRe1] Black is clearly winning.} 30. Rb4 {[%emt 0:00:06] [#]} Rxc6 $1 31. bxc6 Nd5 32. Na2 Nxb4 (32... Qxa2 $142 33. Rb5 Qa3) 33. Nxb4 {[%emt 0:00:05] [#]} Qxb4 $3 {[%emt 0:00:22][%mdl 512] Weighted Error Value: White=0.74/Black=0.29 (precise)} 0-1

[Event "FIDE WY-U16 Olympuad 2022"]
[Site "Nakhchivan"]
[Date "2022.10.03"]
[Round "2.25"]
[White "Hidalgo Diaz, Daniel"]
[Black "Jannatul, Ferdousi"]
[Result "1-0"]
[ECO "D45"]
[WhiteElo "2315"]
[BlackElo "1624"]
[Annotator "TA"]
[PlyCount "109"]
[EventDate "2022.10.02"]
[EventType "team-tourn"]
[EventCountry "AZE"]
[SourceTitle "playchess.com"]
[Source "ChessBase"]
[SourceQuality "1"]
[WhiteTeam "Cuba"]
[BlackTeam "Bangladesh"]
[WhiteTeamCountry "CUB"]
[BlackTeamCountry "BAN"]
[TimeControl "40/5400+30:1800+30"]

1. d4 d5 2. Nf3 e6 3. c4 c6 4. e3 Nf6 5. Nc3 Nbd7 6. Qc2 Bd6 7. g4 Nxg4 8. Rg1 Nxh2 9. Nxh2 Bxh2 10. Rxg7 Nf8 11. Rg2 {[%emt 0:00:09] D45: Semi-Slav: 5 e3.} Bd6 {[%emt 0:00:45] The main line 11...Bd6 scores better than 11...Bc7.} 12. e4 dxc4 (12... Ng6 $5 ) 13. Bxc4 {[%emt 0:00:53] White has an edge.} Ng6 {[%emt 0:01:19] [#]} 14. e5 $146 ({White should play} 14. Bg5 $14 Be7 15. Be3) ({Predecessor:} 14. Bg5 Be7 15. Bxe7 Qxe7 16. O-O-O Bd7 17. e5 O-O-O 18. Ne4 Kb8 19. Qb3 h5 20. Rh2 {0-1 (40) Neves,B (2000)-Michal (2111) ICCF email 2010}) 14... Nh4 $15 15. Rg3 Be7 16. Ne2 Nf5 17. Rd3 (17. Rf3 $15) 17... Bd7 (17... b5 $17 18. Bb3 Bb7) 18. Bf4 (18. Ng3 $15) 18... Qc7 (18... Bb4+ $17 19. Bd2 Bxd2+ 20. Qxd2 Qh4) 19. O-O-O $11 O-O-O 20. Rc3 Bb4 21. Rb3 (21. Rh3 $5 ) 21... Ba5 (21... c5 $11) 22. Bd3 $16 {[%emt 0:01:14] And now Bxf5 would win.} Ne7 23. Bg5 $1 ({Reject} 23. Qc5 Nd5 $11) 23... Rde8 24. Bxe7 {[%emt 0:00:16] White has more active pieces. The black rooks are badly placed.} (24. Bxh7 Nd5 $11) 24... Rxe7 25. Qc5 Be8 $2 (25... Kd8 $14) 26. Qxa7 $18 {[%emt 0:00:20][%cal Ob3b7] Hoping for Rxb7!} b6 {[%emt 0:06:30] [#]} 27. Qa8+ (27. Ba6+ $1 $18 {and the rest is easy.} Kd7 28. Bb7) 27... Qb8 $16 28. Qxb8+ ({Much weaker is} 28. Ba6+ $6 Kc7 29. Qxb8+ Kxb8 $11) (28. Qa6+ $16 Qb7 29. Qc4) 28... Kxb8 $11 29. Be4 h6 30. Rh1 b5 31. Rbh3 Bb6 32. Rxh6 Rxh6 33. Rxh6 {[%emt 0:00:05] Strongly threatening Rh8.} Kc7 (33... c5 $14) 34. b4 $16 Kd8 (34... Rd7 $16) 35. Rh8 {[%emt 0:00:09] Threatens to win with Bxc6.} Rc7 36. Kb2 Ke7 37. Bc2 Rd7 38. Kc3 Rd8 39. Rh7 Bd7 40. Ng3 Be8 {[%emt 0:00:34] [#]} 41. Rh4 Bd7 42. Kd3 (42. Ne4 $18) 42... Rg8 (42... Be8 $142) 43. Ke3 Ra8 44. Bb3 Rf8 (44... Rd8 $16 45. Ne4 Be8) 45. Rh7 $18 Ke8 (45... Rd8 $142 46. Ne4 Rf8) 46. Ne4 Bd8 47. Bd1 Bc7 (47... Be7 {might work better.} 48. Bh5 Kd8 49. Bxf7 Bxb4) 48. Bh5 {[%emt 0:00:14] aiming for Ng5.} Ke7 49. Ng5 Be8 50. f4 Bb6 51. Ke4 Bc7 52. Bg6 Bb6 53. f5 exf5+ 54. Bxf5 Bc7 $2 (54... Rg8) 55. Ne6 {[%emt 0:00:25] Weighted Error Value: White=0.20 (precise) /Black=0.40} 1-0